Sharks vs Sabres

Created - 20 mars 2018 at 17:31

Goals
1 2 3 T
Sharks 0 1 1 2
Sabres 1 1 1 3
Shots
1 2 3 T
Sharks 12 16 4 32
Sabres 5 15 15 35

1st period

1. Sabres , Roman Josi 11 (Ivan Provorov 13) at 11:38

Penalties :
Kevin Hayes (BUF) for Holding (Minor) at 6:56

2nd period

2. Sharks , Sidney Crosby 36 (Jonathan Drouin 33, Jonathan Huberdeau 31) at 9:18
3. Sabres , Paul Stastny 15 (Clayton Keller 16) at 19:51 (PP)

Penalties :
Andre Burakovsky (BUF) for Tripping (Minor) at 4:18, Dan Girardi (SJS) for Delaying the game (Minor) at 19:45

3rd period

4. Sabres , Clayton Keller 18 (Andre Burakovsky 12) at 18:16
5. Sharks , Teuvo Teravainen 17 (Justin Braun 21, Dan Girardi 9) at 18:51

Penalties :
David Backes (BUF) for Hooking (Minor) at 14:31

Goalie Stats

Joonas Korpisalo (SJS), 32 saves from 35 shots - (0,914), L, 11-8-1, 59:37 minutes
Martin Jones (BUF), 30 saves from 32 shots - (0,938), W, 20-24-4, 60:00 minutes

Players Stats for Sharks

Player Name              G  A  P  +/- PIM S  H  SB GA TA FO     MP     PP MP  PK MP  
------------------------------------------------------------------------------------
Alex Pietrangelo         0  0  0   0  0   0  0  0  0  1  0/0    23:32   3:44   0:06 
Boone Jenner             0  0  0   0  0   0  4  1  0  0  0/6    13:51   0:12   0:00 
Braydon Coburn           0  0  0   0  0   0  0  1  0  0  0/0    18:10   0:00   0:06 
Colton Sceviour          0  0  0  -1  0   1  0  0  0  0  2/6     7:53   0:00   0:06 
Dan Girardi              0  1  1   1  2   2  2  3  0  1  0/0    20:01   2:13   0:00 
Dylan Larkin             0  0  0   0  0   5  1  0  1  0  5/14   17:13   1:54   0:00 
Gabriel Landeskog        0  0  0   1  0   4  2  2  1  1  1/2    17:21   0:48   0:00 
Jonathan Drouin          0  1  1   1  0   2  1  1  2  0  0/1    18:55   2:39   0:06 
Jonathan Huberdeau       0  1  1   0  0   2  0  1  1  0  0/0    18:09   3:51   0:00 
Justin Braun             0  1  1   1  0   1  0  1  1  0  0/0    17:43   0:00   0:00 
Lee Stempniak            0  0  0  -1  0   3  0  0  0  0  1/1     8:18   0:02   0:00 
Michael Grabner          0  0  0   0  0   4  0  1  1  0  0/0    19:01   2:40   0:00 
Mikkel Boedker           0  0  0  -1  0   0  0  0  0  1  0/0     7:47   0:00   0:00 
Patric Hornqvist         0  0  0   0  0   3  2  0  1  0  0/0    17:13   1:54   0:00 
Sidney Crosby            1  0  1   1  0   2  2  0  2  0  16/28  21:03   3:51   0:00 
Teuvo Teravainen         1  0  1   0  0   2  1  0  2  0  0/0    13:10   0:00   0:00 
Tyson Barrie             0  0  0  -1  0   1  0  2  0  0  0/0    20:40   3:44   0:00 
Zach Werenski            0  0  0  -1  0   0  3  1  1  0  0/0    19:53   2:13   0:00 

Players Stats for Sabres

Player Name              G  A  P  +/- PIM S  H  SB GA TA FO     MP     PP MP  PK MP  
------------------------------------------------------------------------------------
Andre Burakovsky         0  1  1   1  2   1  0  0  0  0  0/0    14:59   0:00   0:03 
Andrew Copp              0  0  0   1  0   2  0  2  0  0  9/20   17:59   0:00   3:42 
Clayton Keller           1  1  2   1  0   3  4  0  0  1  1/2    15:51   0:06   1:05 
David Backes             0  0  0  -2  2   2  3  1  0  1  0/0    17:23   0:00   0:00 
Erik Gudbranson          0  0  0   0  0   0  0  1  0  2  0/0    17:07   0:00   3:08 
Ivan Provorov            0  1  1   0  0   2  1  0  0  2  0/0    25:38   0:06   2:49 
Joonas Donskoi           0  0  0   0  0   4  0  0  0  0  0/0     7:36   0:00   0:00 
Josh Anderson            0  0  0   1  0   3  0  0  0  1  1/2    16:57   0:06   3:42 
Kevin Hayes              0  0  0   1  2   2  0  0  0  1  8/14   16:06   0:00   1:27 
Kevin Shattenkirk        0  0  0   0  0   2  0  3  0  1  0/0    17:15   0:00   0:00 
Madison Bowey            0  0  0   0  0   0  1  1  0  1  0/0    13:53   0:00   0:00 
Martin Frk               0  0  0   0  0   5  1  0  0  0  0/0     7:36   0:00   0:00 
Michael Stone            0  0  0   0  0   0  4  0  0  1  0/0    21:37   0:00   3:08 
Paul Stastny             1  0  1  -2  0   4  3  0  1  0  9/14   18:38   0:06   0:00 
Rickard Rakell           0  0  0  -2  0   2  1  1  2  1  1/1    17:30   0:06   0:00 
Roman Josi               1  0  1   0  0   1  1  3  1  0  0/0    24:24   0:00   2:49 
Ryan Carpenter           0  0  0   0  0   0  1  0  0  0  4/5     8:44   0:00   0:00 
Zach Hyman               0  0  0   1  0   2  4  1  0  1  0/0    14:47   0:00   1:55 

3 Stars

1 - Clayton Keller (BUF)
2 - Sidney Crosby (SJS)
3 - Roman Josi (BUF)

Power Play

Sharks - 0 on 3 Attempt(s) - 0,00%
Sabres - 1 on 1 Attempt(s) - 100,00%

Penalty Kill

Sharks - 0 on 1 Attempt(s) - 0,00% - Score 0 goal in Penalty Kill
Sabres - 3 on 3 Attempt(s) - 100,00% - Score 0 goal in Penalty Kill

Team Stat

Sharks - Hits : 18 - Faceoff Wins : 25 - Blocked Shots : 14 - Penalty Minutes : 2
Sabres - Hits : 24 - Faceoff Wins : 33 - Blocked Shots : 13 - Penalty Minutes : 6

Official

Referees : Marc Joannette and Dean Morton
Linesman : Mark Shewchyk and Michel Cormier

Game Notes

No Game Note

Finance

Level 1 -- Attendance: 4853 (80,88%) -- Ticket Income 485 300 $
Level 2 -- Attendance: 4049 (80,98%) -- Ticket Income 251 038 $
Level 3 -- Attendance: 996 (49,80%) -- Ticket Income 54 780 $
Level 4 -- Attendance: 2574 (64,35%) -- Ticket Income 64 350 $
Luxury Box -- Attendance: 845 (84,50%) -- Ticket Income 157 170 $
Game was played at the First Niagara Center.
Total Attendance: 13317 (73,98%)
Total Ticket Income: 1 012 638 $
Other Income: 496 193 $
Total Income: 1 508 831 $

Sharks

5 vs 5 Forward 
   Center                   Left Wing                Right Wing               Time % Phy DF OF 
 1 Sidney Crosby            Gabriel Landeskog        Jonathan Drouin          36     0   1  4  
 2 Dylan Larkin             Patric Hornqvist         Michael Grabner          34     0   1  4  
 3 Boone Jenner             Jonathan Huberdeau       Teuvo Teravainen         25     0   1  4  
 4 Colton Sceviour          Mikkel Boedker           Lee Stempniak            5      0   1  4  

5 vs 5 Defense 
   Defense                  Defense                                           Time % Phy DF OF 
 1 Alex Pietrangelo         Braydon Coburn                                    36     0   1  4  
 2 Justin Braun             Dan Girardi                                       34     0   1  4  
 3 Zach Werenski            Tyson Barrie                                      30     0   1  4  
 4 Alex Pietrangelo         Braydon Coburn                                    0      0   1  4  

PowerPlay Forward 
   Center                   Left Wing                Right Wing               Time % Phy DF OF 
 1 Sidney Crosby            Jonathan Huberdeau       Michael Grabner          55     0   0  5  
 2 Dylan Larkin             Jonathan Drouin          Patric Hornqvist         45     0   0  5  

PowerPlay Defense
   Defense                  Defense                                           Time % Phy DF OF 
 1 Alex Pietrangelo         Tyson Barrie                                      55     0   1  4  
 2 Zach Werenski            Dan Girardi                                       45     0   1  4  

Penalty Kill 4 Players Forward 
   Center                   Wing                     Time % Phy DF OF 
 1 Colton Sceviour          Jonathan Drouin          55     0   5  0  
 2 Boone Jenner             Gabriel Landeskog        45     0   5  0  

Penalty Kill 4 Players Defense
   Defense                  Defense                  Time % Phy DF OF 
 1 Alex Pietrangelo         Braydon Coburn           55     0   5  0  
 2 Justin Braun             Dan Girardi              45     0   5  0  

Penalty Kill - 3 Players Forward 
   Forward                                           Time % Phy DF OF 
 1 Colton Sceviour                                   55     0   5  0  
 2 Michael Grabner                                   45     0   5  0  

Penalty Kill - 3 Players Defense
   Defense                  Defense                  Time % Phy DF OF 
 1 Alex Pietrangelo         Braydon Coburn           55     0   5  0  
 2 Justin Braun             Dan Girardi              45     0   5  0  

4 vs 4 Forward 
   Center                   Wing                     Time % Phy DF OF 
 1 Dylan Larkin             Jonathan Drouin          55     0   3  2  
 2 Colton Sceviour          Gabriel Landeskog        45     0   3  2  

4 vs 4 Defense
   Defense                  Defense                  Time % Phy DF OF 
 1 Alex Pietrangelo         Braydon Coburn           55     0   3  2  
 2 Justin Braun             Dan Girardi              45     0   3  2  

Last Minutes Offensive
   Center                   Left Wing                Right Wing               Defense                  Defense                  
   Sidney Crosby            Michael Grabner          Jonathan Huberdeau       Zach Werenski            Alex Pietrangelo         

Last Minutes Defensive
   Center                   Left Wing                Right Wing               Defense                  Defense                  
   Sidney Crosby            Gabriel Landeskog        Colton Sceviour          Justin Braun             Alex Pietrangelo         

Goaltenders
Starting : Joonas Korpisalo         
Backup : Jake Allen               

Extra Forwards
Normal : Sidney Crosby, Jonathan Huberdeau, Michael Grabner - PP : Michael Grabner, Sidney Crosby - PK : Colton Sceviour
Extra Defensemen
Normal : Zach Werenski, Dan Girardi, Justin Braun - PP : Zach Werenski - PK : Dan Girardi, Justin Braun
Penalty Shots
Sidney Crosby, Boone Jenner, Colton Sceviour, Lee Stempniak, Gabriel Landeskog
Custom OT Lines Forwards
Sidney Crosby, Michael Grabner, Jonathan Huberdeau, Gabriel Landeskog, Patric Hornqvist, Boone Jenner, Teuvo Teravainen, Dylan Larkin, Jonathan Drouin, Mikkel Boedker
Custom OT Lines Defensemen
Alex Pietrangelo, Justin Braun, Braydon Coburn, Dan Girardi, Zach Werenski

Scratches
Mark Borowiecki (Healthy), Brian Gibbons (Healthy)

Sabres

5 vs 5 Forward 
   Center                   Left Wing                Right Wing               Time % Phy DF OF 
 1 Paul Stastny             Rickard Rakell           David Backes             35     0   1  4  
 2 Kevin Hayes              Clayton Keller           Andre Burakovsky         30     0   1  4  
 3 Andrew Copp              Zach Hyman               Josh Anderson            25     1   2  2  
 4 Ryan Carpenter           Joonas Donskoi           Martin Frk               10     0   3  2  

5 vs 5 Defense 
   Defense                  Defense                                           Time % Phy DF OF 
 1 Roman Josi               Ivan Provorov                                     40     0   2  3  
 2 Michael Stone            Kevin Shattenkirk                                 35     1   2  2  
 3 Erik Gudbranson          Madison Bowey                                     25     0   4  1  
 4 Ivan Provorov            Roman Josi                                        0      0   3  2  

PowerPlay Forward 
   Center                   Left Wing                Right Wing               Time % Phy DF OF 
 1 Paul Stastny             Clayton Keller           Rickard Rakell           60     0   0  5  
 2 Kevin Hayes              David Backes             Martin Frk               40     0   0  5  

PowerPlay Defense
   Defense                  Defense                                           Time % Phy DF OF 
 1 Roman Josi               Kevin Shattenkirk                                 55     0   1  4  
 2 Ivan Provorov            Josh Anderson                                     45     0   1  4  

Penalty Kill 4 Players Forward 
   Center                   Wing                     Time % Phy DF OF 
 1 Andrew Copp              Josh Anderson            60     0   5  0  
 2 Kevin Hayes              Zach Hyman               40     0   5  0  

Penalty Kill 4 Players Defense
   Defense                  Defense                  Time % Phy DF OF 
 1 Michael Stone            Erik Gudbranson          60     0   5  0  
 2 Ivan Provorov            Roman Josi               40     0   5  0  

Penalty Kill - 3 Players Forward 
   Forward                                           Time % Phy DF OF 
 1 Andrew Copp                                       60     0   5  0  
 2 Ryan Carpenter                                    40     0   5  0  

Penalty Kill - 3 Players Defense
   Defense                  Defense                  Time % Phy DF OF 
 1 Erik Gudbranson          Michael Stone            60     0   5  0  
 2 Ivan Provorov            Roman Josi               40     0   5  0  

4 vs 4 Forward 
   Center                   Wing                     Time % Phy DF OF 
 1 Paul Stastny             Josh Anderson            60     1   2  2  
 2 Andrew Copp              Martin Frk               40     1   2  2  

4 vs 4 Defense
   Defense                  Defense                  Time % Phy DF OF 
 1 Ivan Provorov            Erik Gudbranson          60     1   2  2  
 2 Kevin Shattenkirk        Michael Stone            40     1   2  2  

Last Minutes Offensive
   Center                   Left Wing                Right Wing               Defense                  Defense                  
   Paul Stastny             Clayton Keller           Rickard Rakell           Kevin Shattenkirk        Roman Josi               

Last Minutes Defensive
   Center                   Left Wing                Right Wing               Defense                  Defense                  
   Paul Stastny             Andrew Copp              Ryan Carpenter           Ivan Provorov            Michael Stone            

Goaltenders
Starting : Martin Jones             
Backup : Kari Lehtonen            

Extra Forwards
Normal : Zach Hyman, Andrew Copp, Josh Anderson - PP : Zach Hyman, Andrew Copp - PK : Josh Anderson
Extra Defensemen
Normal : Ivan Provorov, Erik Gudbranson, Roman Josi - PP : Ivan Provorov - PK : Erik Gudbranson, Roman Josi
Penalty Shots
Andrew Copp, Kevin Hayes, Clayton Keller, Rickard Rakell, Martin Frk
Custom OT Lines Forwards
David Backes, Paul Stastny, Rickard Rakell, Kevin Hayes, Clayton Keller, Andre Burakovsky, Zach Hyman, Andrew Copp, Josh Anderson, Martin Frk
Custom OT Lines Defensemen
Roman Josi, Ivan Provorov, Kevin Shattenkirk, Michael Stone, Erik Gudbranson

Scratches
Brian Flynn (Back Surgery Injury), Marc-Andre Bergeron (Healthy)

% Time on Ice - Sharks

Lines # - Real PCT - Wanted PCT - Time Play
Normal Forward
1 - 30% - 36% - 16:04
2 - 30% - 34% - 15:48
3 - 25% - 25% - 13:10
4 - 15% - 5% - 7:47
Normal Defense
1 - 35% - 36% - 18:34
2 - 34% - 34% - 17:49
3 - 31% - 30% - 16:26
4 - 0% - 0% - 0:00
PP Forward
1 - 68% - 55% - 4:01
2 - 32% - 45% - 1:56
PP Defense
1 - 63% - 55% - 3:44
2 - 37% - 45% - 2:13
PK Forward
1 - 100% - 55% - 0:06
2 - 0% - 45% - 0:00
PK Defense
1 - 100% - 55% - 0:06
2 - 0% - 45% - 0:00
PK3 Forward
1 - 0% - 55%
2 - 0% - 45%
PK3 Defense
1 - 0% - 55%
2 - 0% - 45%
44 Forward
1 - 0% - 55%
2 - 0% - 45%
44 Defense
1 - 0% - 55%
2 - 0% - 45%
Last Minute Offensive  - 1:08
Last Minute Defensive  - 0:00
Total
Forward - 60:00
Defense - 60:00

% Time on Ice - Sabres

Lines # - Real PCT - Wanted PCT - Time Play
Normal Forward
1 - 34% - 35% - 17:47
2 - 28% - 30% - 14:34
3 - 24% - 25% - 12:52
4 - 14% - 10% - 7:36
Normal Defense
1 - 39% - 40% - 20:29
2 - 35% - 35% - 18:27
3 - 26% - 25% - 13:53
4 - 0% - 0% - 0:00
PP Forward
1 - 100% - 60% - 0:06
2 - 0% - 40% - 0:00
PP Defense
1 - 0% - 55% - 0:00
2 - 100% - 45% - 0:06
PK Forward
1 - 68% - 60% - 4:02
2 - 32% - 40% - 1:55
PK Defense
1 - 53% - 60% - 3:08
2 - 47% - 40% - 2:49
PK3 Forward
1 - 0% - 60%
2 - 0% - 40%
PK3 Defense
1 - 0% - 60%
2 - 0% - 40%
44 Forward
1 - 0% - 60%
2 - 0% - 40%
44 Defense
1 - 0% - 60%
2 - 0% - 40%
Last Minute Offensive  - 0:00
Last Minute Defensive  - 1:08
Total
Forward - 60:00
Defense - 60:00

Play by Play

1st period


0:01 of 1st period - Paul Stastny wins face-off versus Sidney Crosby in neutral zone.
0:06 of 1st period - Slapshot by Rickard Rakell.
0:06 of 1st period - Shot Misses the Net.
0:08 of 1st period - Wrist shot by David Backes.
0:08 of 1st period - Stopped by Joonas Korpisalo with a rebound.
0:58 of 1st period - Snap shot by Teuvo Teravainen.
0:58 of 1st period - Stopped by Martin Jones without a rebound.
0:59 of 1st period - Ryan Carpenter wins face-off versus Boone Jenner in Sabres zone.
1:24 of 1st period - Tyson Barrie is hit by Zach Hyman and loses puck.
1:42 of 1st period - Off-side.
1:43 of 1st period - Paul Stastny wins face-off versus Colton Sceviour in neutral zone.
2:15 of 1st period - Snap shot by Clayton Keller.
2:15 of 1st period - Deflect By Kevin Hayes.
2:15 of 1st period - Shot Misses the Net.
2:15 of 1st period - Puck is out of play.
2:16 of 1st period - Dylan Larkin wins face-off versus Josh Anderson in Sharks zone.
2:25 of 1st period - Off-side.
2:26 of 1st period - Andrew Copp wins face-off versus Dylan Larkin in neutral zone.
2:37 of 1st period - Slapshot by Michael Grabner.
2:37 of 1st period - Stopped by Martin Jones with a rebound.
2:39 of 1st period - Slapshot by Justin Braun.
2:39 of 1st period - Stopped by Martin Jones with a rebound.
3:27 of 1st period - Snap shot by Michael Grabner.
3:27 of 1st period - Deflect By Dylan Larkin.
3:27 of 1st period - Stopped by Martin Jones without a rebound.
3:28 of 1st period - Rickard Rakell wins face-off versus Boone Jenner in Sabres zone.
3:35 of 1st period - Snap shot by Rickard Rakell.
3:35 of 1st period - Deflect By Paul Stastny.
3:35 of 1st period - Shot Misses the Net.
3:35 of 1st period - Puck is out of play.
3:36 of 1st period - Paul Stastny wins face-off versus Boone Jenner in Sharks zone.
3:39 of 1st period - Wrist shot by Rickard Rakell.
3:39 of 1st period - Shot Misses the Net.
3:45 of 1st period - Paul Stastny is hit by Boone Jenner and loses puck.
4:06 of 1st period - Slapshot by Jonathan Huberdeau.
4:06 of 1st period - Shot Blocked by Rickard Rakell.
4:08 of 1st period - Slapshot by Zach Werenski.
4:08 of 1st period - Deflect By Jonathan Huberdeau.
4:08 of 1st period - Shot Blocked by Kevin Shattenkirk.
4:08 of 1st period - Puck is out of play.
4:09 of 1st period - Kevin Hayes wins face-off versus Sidney Crosby in Sabres zone.
4:38 of 1st period - Backhand shot by Joonas Donskoi.
4:38 of 1st period - Stopped by Joonas Korpisalo without a rebound.
4:39 of 1st period - Ryan Carpenter wins face-off versus Colton Sceviour in Sharks zone.
5:06 of 1st period - Colton Sceviour is hit by Michael Stone and loses puck.
5:17 of 1st period - Snap shot by Lee Stempniak.
5:17 of 1st period - Stopped by Martin Jones with a rebound.
5:31 of 1st period - Snap shot by Lee Stempniak.
5:31 of 1st period - Stopped by Martin Jones with a rebound.
5:33 of 1st period - Slapshot by Tyson Barrie.
5:33 of 1st period - Stopped by Martin Jones with a rebound.
5:35 of 1st period - Snap shot by Colton Sceviour.
5:35 of 1st period - Stopped by Martin Jones without a rebound.
5:36 of 1st period - Kevin Hayes wins face-off versus Sidney Crosby in Sabres zone.
5:36 of 1st period - Kevin Hayes is hit by Gabriel Landeskog.
6:08 of 1st period - Paul Stastny is hit by Dan Girardi and loses puck.
6:23 of 1st period - Dan Girardi is hit by Ryan Carpenter and loses puck.
6:32 of 1st period - Snap shot by Joonas Donskoi.
6:32 of 1st period - Stopped by Joonas Korpisalo without a rebound.
6:33 of 1st period - Kevin Hayes wins face-off versus Sidney Crosby in Sharks zone.
6:56 of 1st period - Minor Penalty to Kevin Hayes for Holding.
6:57 of 1st period - Sidney Crosby wins face-off versus Andrew Copp in Sabres zone.
7:08 of 1st period - Snap shot by Jonathan Huberdeau.
7:08 of 1st period - Shot Blocked by Andrew Copp.
7:10 of 1st period - Snap shot by Michael Grabner.
7:10 of 1st period - Stopped by Martin Jones without a rebound.
7:11 of 1st period - Andrew Copp wins face-off versus Sidney Crosby in Sabres zone.
7:32 of 1st period - Erik Gudbranson is hit by Sidney Crosby and loses puck.
8:56 of 1st period - Penalty to Kevin Hayes is over, Kevin Hayes is back on ice.
8:59 of 1st period - Wrist shot by Gabriel Landeskog.
8:59 of 1st period - Stopped by Martin Jones with a rebound.
9:01 of 1st period - Slapshot by Gabriel Landeskog.
9:01 of 1st period - Stopped by Martin Jones without a rebound.
9:02 of 1st period - Paul Stastny wins face-off versus Boone Jenner in Sabres zone.
9:56 of 1st period - Wrist shot by Clayton Keller.
9:56 of 1st period - Deflect By Kevin Hayes.
9:56 of 1st period - Shot Misses the Net.
9:56 of 1st period - Puck is out of play.
9:57 of 1st period - Kevin Hayes wins face-off versus Sidney Crosby in Sharks zone.
10:00 of 1st period - Backhand shot by Kevin Hayes.
10:00 of 1st period - Shot Blocked by Gabriel Landeskog.
10:06 of 1st period - Ivan Provorov is hit by Jonathan Drouin and loses puck.
10:50 of 1st period - Wrist shot by Dylan Larkin.
10:50 of 1st period - Stopped by Martin Jones with a rebound.
11:38 of 1st period - Snap shot by Roman Josi.
11:38 of 1st period - Goal by Roman Josi - Sharks : 0 - Sabres : 1.
11:39 of 1st period - Sidney Crosby wins face-off versus Andrew Copp in neutral zone.
12:13 of 1st period - Wrist shot by Paul Stastny.
12:13 of 1st period - Shot Misses the Net.
12:15 of 1st period - Slapshot by Madison Bowey.
12:15 of 1st period - Shot Misses the Net.
13:57 of 1st period - Snap shot by Martin Frk.
13:57 of 1st period - Stopped by Joonas Korpisalo with a rebound.
14:01 of 1st period - Slapshot by Roman Josi.
14:01 of 1st period - Shot Misses the Net.
14:31 of 1st period - Gabriel Landeskog is hit by Zach Hyman and loses puck.
15:45 of 1st period - Alex Pietrangelo is hit by Zach Hyman and loses puck.
16:10 of 1st period - Dan Girardi is hit by Paul Stastny and loses puck.
16:33 of 1st period - Justin Braun is hit by Madison Bowey and loses puck.
17:58 of 1st period - Justin Braun is hit by Michael Stone and loses puck.
18:42 of 1st period - Boone Jenner is hit by Rickard Rakell and loses puck.
18:56 of 1st period - Wrist shot by Jonathan Huberdeau.
18:56 of 1st period - Shot Blocked by Kevin Shattenkirk.
19:18 of 1st period - Erik Gudbranson is hit by Boone Jenner and loses puck.
19:33 of 1st period - Boone Jenner is hit by David Backes and loses puck.
19:42 of 1st period - Paul Stastny is hit by Zach Werenski and loses puck.
19:59 of 1st period - Michael Stone is hit by Boone Jenner and loses puck.
Goals for this period are 0 for Sharks vs 1 for Sabres.
Shots for this period are 12 for Sharks vs 5 for Sabres.

2nd period


0:01 of 2nd period - Andrew Copp wins face-off versus Sidney Crosby in neutral zone.
0:05 of 2nd period - Wrist shot by Josh Anderson.
0:05 of 2nd period - Stopped by Joonas Korpisalo with a rebound.
0:21 of 2nd period - Andrew Copp is hit by Gabriel Landeskog and loses puck.
0:30 of 2nd period - Snap shot by Zach Hyman.
0:30 of 2nd period - Stopped by Joonas Korpisalo with a rebound.
0:32 of 2nd period - Snap shot by Josh Anderson.
0:32 of 2nd period - Stopped by Joonas Korpisalo without a rebound.
0:33 of 2nd period - Clayton Keller wins face-off versus Dylan Larkin in Sharks zone.
0:34 of 2nd period - Slapshot by Kevin Hayes.
0:34 of 2nd period - Shot Misses the Net.
0:36 of 2nd period - Wrist shot by Kevin Hayes.
0:36 of 2nd period - Stopped by Joonas Korpisalo with a rebound.
0:38 of 2nd period - Backhand shot by Andre Burakovsky.
0:38 of 2nd period - Shot Misses the Net.
0:40 of 2nd period - Slapshot by Michael Stone.
0:40 of 2nd period - Shot Misses the Net.
0:42 of 2nd period - Slapshot by Kevin Hayes.
0:42 of 2nd period - Stopped by Joonas Korpisalo with a rebound.
0:44 of 2nd period - Slapshot by Kevin Shattenkirk.
0:44 of 2nd period - Shot Misses the Net.
1:10 of 2nd period - Snap shot by Patric Hornqvist.
1:10 of 2nd period - Deflect By Michael Grabner.
1:10 of 2nd period - Stopped by Martin Jones with a rebound.
1:50 of 2nd period - Lee Stempniak is hit by Paul Stastny and loses puck.
1:55 of 2nd period - Snap shot by Paul Stastny.
1:55 of 2nd period - Stopped by Joonas Korpisalo without a rebound.
1:56 of 2nd period - Sidney Crosby wins face-off versus Kevin Hayes in Sharks zone.
2:29 of 2nd period - Slapshot by Zach Hyman.
2:29 of 2nd period - Deflect By Andrew Copp.
2:29 of 2nd period - Stopped by Joonas Korpisalo without a rebound.
2:30 of 2nd period - Andrew Copp wins face-off versus Dylan Larkin in Sharks zone.
3:08 of 2nd period - Snap shot by Patric Hornqvist.
3:08 of 2nd period - Shot Misses the Net.
3:38 of 2nd period - Snap shot by Dylan Larkin.
3:38 of 2nd period - Stopped by Martin Jones with a rebound.
3:40 of 2nd period - Slapshot by Braydon Coburn.
3:40 of 2nd period - Shot Misses the Net.
3:42 of 2nd period - Snap shot by Dylan Larkin.
3:42 of 2nd period - Stopped by Martin Jones with a rebound.
3:59 of 2nd period - Wrist shot by Patric Hornqvist.
3:59 of 2nd period - Stopped by Martin Jones with a rebound.
4:13 of 2nd period - Slapshot by Patric Hornqvist.
4:13 of 2nd period - Stopped by Martin Jones with a rebound.
4:15 of 2nd period - Slapshot by Dan Girardi.
4:15 of 2nd period - Deflect By David Backes.
4:15 of 2nd period - Stopped by Martin Jones without a rebound.
4:16 of 2nd period - Kevin Hayes wins face-off versus Sidney Crosby in Sabres zone.
4:18 of 2nd period - Minor Penalty to Andre Burakovsky for Tripping.
4:19 of 2nd period - Sidney Crosby wins face-off versus Andrew Copp in Sabres zone.
4:29 of 2nd period - Slapshot by Tyson Barrie.
4:29 of 2nd period - Shot Blocked by Roman Josi.
5:07 of 2nd period - Wrist shot by Zach Hyman.
5:07 of 2nd period - Shot Misses the Net.
5:28 of 2nd period - Dan Girardi is hit by Clayton Keller and loses puck.
5:39 of 2nd period - Slapshot by Jonathan Huberdeau.
5:39 of 2nd period - Stopped by Martin Jones without a rebound.
5:40 of 2nd period - Dylan Larkin wins face-off versus Andrew Copp in Sabres zone.
6:18 of 2nd period - Penalty to Andre Burakovsky is over, Andre Burakovsky is back on ice.
6:21 of 2nd period - Icing by Andrew Copp.
6:22 of 2nd period - Colton Sceviour wins face-off versus Andrew Copp in Sabres zone.
6:34 of 2nd period - Off-side.
6:35 of 2nd period - Colton Sceviour wins face-off versus Kevin Hayes in neutral zone.
7:11 of 2nd period - Sidney Crosby is hit by Clayton Keller and loses puck.
7:22 of 2nd period - Snap shot by Andre Burakovsky.
7:22 of 2nd period - Stopped by Joonas Korpisalo with a rebound.
7:26 of 2nd period - Wrist shot by Clayton Keller.
7:26 of 2nd period - Shot Misses the Net.
7:28 of 2nd period - Snap shot by Andre Burakovsky.
7:28 of 2nd period - Shot Blocked by Braydon Coburn.
7:30 of 2nd period - Snap shot by Clayton Keller.
7:30 of 2nd period - Stopped by Joonas Korpisalo without a rebound.
7:31 of 2nd period - Dylan Larkin wins face-off versus Andrew Copp in Sharks zone.
7:44 of 2nd period - Snap shot by Zach Hyman.
7:44 of 2nd period - Deflect By Josh Anderson.
7:44 of 2nd period - Stopped by Joonas Korpisalo without a rebound.
7:45 of 2nd period - Paul Stastny wins face-off versus Jonathan Drouin in Sharks zone.
7:52 of 2nd period - Wrist shot by Rickard Rakell.
7:52 of 2nd period - Shot Blocked by Dan Girardi.
7:54 of 2nd period - Snap shot by David Backes.
7:54 of 2nd period - Shot Misses the Net.
7:56 of 2nd period - Snap shot by Roman Josi.
7:56 of 2nd period - Shot Blocked by Gabriel Landeskog.
7:58 of 2nd period - Backhand shot by Ivan Provorov.
7:58 of 2nd period - Stopped by Joonas Korpisalo without a rebound.
7:59 of 2nd period - Sidney Crosby wins face-off versus Andrew Copp in Sharks zone.
8:16 of 2nd period - Snap shot by Sidney Crosby.
8:16 of 2nd period - Shot Blocked by Andrew Copp.
8:26 of 2nd period - Michael Grabner is hit by Clayton Keller and loses puck.
9:03 of 2nd period - Boone Jenner is hit by Martin Frk and loses puck.
9:18 of 2nd period - Wrist shot by Sidney Crosby.
9:18 of 2nd period - Goal by Sidney Crosby - Sharks : 1 - Sabres : 1.
9:19 of 2nd period - Sidney Crosby wins face-off versus Andrew Copp in neutral zone.
9:44 of 2nd period - Icing by Andrew Copp.
9:45 of 2nd period - Kevin Hayes wins face-off versus Dylan Larkin in Sabres zone.
9:54 of 2nd period - Zach Werenski is hit by Clayton Keller and loses puck.
10:11 of 2nd period - David Backes is hit by Zach Werenski and loses puck.
10:37 of 2nd period - Josh Anderson is hit by Zach Werenski and loses puck.
10:44 of 2nd period - Jonathan Huberdeau is hit by Zach Hyman and loses puck.
10:52 of 2nd period - Icing by Tyson Barrie.
10:53 of 2nd period - Lee Stempniak wins face-off versus Ryan Carpenter in Sharks zone.
11:08 of 2nd period - Slapshot by Lee Stempniak.
11:08 of 2nd period - Stopped by Martin Jones with a rebound.
11:41 of 2nd period - Slapshot by Patric Hornqvist.
11:41 of 2nd period - Stopped by Martin Jones without a rebound.
11:42 of 2nd period - Josh Anderson wins face-off versus Dylan Larkin in Sabres zone.
11:42 of 2nd period - Josh Anderson is hit by Patric Hornqvist.
12:20 of 2nd period - Snap shot by Jonathan Drouin.
12:20 of 2nd period - Stopped by Martin Jones with a rebound.
12:56 of 2nd period - Wrist shot by Joonas Donskoi.
12:56 of 2nd period - Stopped by Joonas Korpisalo with a rebound.
12:58 of 2nd period - Wrist shot by Martin Frk.
12:58 of 2nd period - Stopped by Joonas Korpisalo with a rebound.
13:00 of 2nd period - Wrist shot by Erik Gudbranson.
13:00 of 2nd period - Shot Misses the Net.
13:15 of 2nd period - Slapshot by Michael Grabner.
13:15 of 2nd period - Stopped by Martin Jones with a rebound.
13:39 of 2nd period - Wrist shot by Rickard Rakell.
13:39 of 2nd period - Shot Blocked by Tyson Barrie.
13:57 of 2nd period - Snap shot by Andre Burakovsky.
13:57 of 2nd period - Shot Misses the Net.
14:32 of 2nd period - Icing by Ivan Provorov.
14:33 of 2nd period - Andrew Copp wins face-off versus Dylan Larkin in Sabres zone.
15:02 of 2nd period - Slapshot by Jonathan Huberdeau.
15:02 of 2nd period - Shot Blocked by Roman Josi.
15:34 of 2nd period - Wrist shot by Sidney Crosby.
15:34 of 2nd period - Deflect By Gabriel Landeskog.
15:34 of 2nd period - Stopped by Martin Jones with a rebound.
15:56 of 2nd period - Snap shot by Clayton Keller.
15:56 of 2nd period - Stopped by Joonas Korpisalo with a rebound.
16:12 of 2nd period - Snap shot by Dylan Larkin.
16:12 of 2nd period - Stopped by Martin Jones without a rebound.
16:13 of 2nd period - Dylan Larkin wins face-off versus Paul Stastny in Sabres zone.
16:40 of 2nd period - Alex Pietrangelo is hit by Michael Stone and loses puck.
17:15 of 2nd period - Snap shot by Sidney Crosby.
17:15 of 2nd period - Shot Misses the Net.
17:29 of 2nd period - Paul Stastny is hit by Boone Jenner and loses puck.
17:34 of 2nd period - Wrist shot by Jonathan Huberdeau.
17:34 of 2nd period - Stopped by Martin Jones without a rebound.
17:35 of 2nd period - Gabriel Landeskog wins face-off versus Andrew Copp in Sabres zone.
17:52 of 2nd period - Gabriel Landeskog is hit by Michael Stone and loses puck.
19:02 of 2nd period - Slapshot by Kevin Shattenkirk.
19:02 of 2nd period - Shot Misses the Net.
19:10 of 2nd period - Zach Hyman is hit by Sidney Crosby and loses puck.
19:21 of 2nd period - Slapshot by Teuvo Teravainen.
19:21 of 2nd period - Shot Misses the Net.
19:23 of 2nd period - Snap shot by Boone Jenner.
19:23 of 2nd period - Shot Misses the Net.
19:25 of 2nd period - Wrist shot by Boone Jenner.
19:25 of 2nd period - Shot Misses the Net.
19:27 of 2nd period - Backhand shot by Teuvo Teravainen.
19:27 of 2nd period - Shot Blocked by Kevin Shattenkirk.
19:31 of 2nd period - Wrist shot by Boone Jenner.
19:31 of 2nd period - Shot Misses the Net.
19:43 of 2nd period - Snap shot by Martin Frk.
19:43 of 2nd period - Shot Misses the Net.
19:45 of 2nd period - Minor Penalty to Dan Girardi for Delaying the game.
19:46 of 2nd period - Paul Stastny wins face-off versus Colton Sceviour in Sharks zone.
19:51 of 2nd period - Wrist shot by Paul Stastny.
19:51 of 2nd period - Goal by Paul Stastny - Sharks : 1 - Sabres : 2.
19:52 of 2nd period - Sidney Crosby wins face-off versus Kevin Hayes in neutral zone.
19:59 of 2nd period - Snap shot by Sidney Crosby.
19:59 of 2nd period - Stopped by Martin Jones with a rebound.
Goals for this period are 1 for Sharks vs 1 for Sabres.
Shots for this period are 16 for Sharks vs 15 for Sabres.

3rd period


0:01 of 3rd period - Kevin Hayes wins face-off versus Sidney Crosby in neutral zone.
0:34 of 3rd period - Backhand shot by David Backes.
0:34 of 3rd period - Stopped by Joonas Korpisalo with a rebound.
0:36 of 3rd period - Wrist shot by Rickard Rakell.
0:36 of 3rd period - Stopped by Joonas Korpisalo with a rebound.
0:38 of 3rd period - Slapshot by Ivan Provorov.
0:38 of 3rd period - Stopped by Joonas Korpisalo without a rebound.
0:39 of 3rd period - Andrew Copp wins face-off versus Gabriel Landeskog in Sharks zone.
1:33 of 3rd period - Ivan Provorov is hit by Teuvo Teravainen and loses puck.
2:11 of 3rd period - Icing by Rickard Rakell.
2:12 of 3rd period - Paul Stastny wins face-off versus Sidney Crosby in Sabres zone.
2:31 of 3rd period - Wrist shot by Rickard Rakell.
2:31 of 3rd period - Stopped by Joonas Korpisalo with a rebound.
2:41 of 3rd period - Wrist shot by Paul Stastny.
2:41 of 3rd period - Shot Misses the Net.
2:43 of 3rd period - Wrist shot by Paul Stastny.
2:43 of 3rd period - Shot Misses the Net.
2:45 of 3rd period - Slapshot by Erik Gudbranson.
2:45 of 3rd period - Shot Blocked by Dan Girardi.
2:50 of 3rd period - Icing by Gabriel Landeskog.
2:51 of 3rd period - Sidney Crosby wins face-off versus Clayton Keller in Sharks zone.
2:51 of 3rd period - Sidney Crosby is hit by Roman Josi.
2:59 of 3rd period - Snap shot by Clayton Keller.
2:59 of 3rd period - Shot Misses the Net.
3:01 of 3rd period - Slapshot by Andre Burakovsky.
3:01 of 3rd period - Shot Misses the Net.
3:03 of 3rd period - Slapshot by Ivan Provorov.
3:03 of 3rd period - Shot Blocked by Dan Girardi.
3:05 of 3rd period - Snap shot by Kevin Hayes.
3:05 of 3rd period - Shot Blocked by Jonathan Drouin.
4:29 of 3rd period - Madison Bowey is hit by Dylan Larkin and loses puck.
6:04 of 3rd period - Snap shot by Mikkel Boedker.
6:04 of 3rd period - Shot Misses the Net.
6:24 of 3rd period - Snap shot by Jonathan Drouin.
6:24 of 3rd period - Stopped by Martin Jones with a rebound.
6:38 of 3rd period - Wrist shot by Martin Frk.
6:38 of 3rd period - Stopped by Joonas Korpisalo with a rebound.
6:40 of 3rd period - Snap shot by Martin Frk.
6:40 of 3rd period - Shot Blocked by Zach Werenski.
6:42 of 3rd period - Snap shot by Martin Frk.
6:42 of 3rd period - Stopped by Joonas Korpisalo without a rebound.
6:43 of 3rd period - Dylan Larkin wins face-off versus Paul Stastny in Sharks zone.
6:43 of 3rd period - Dylan Larkin is hit by David Backes.
6:49 of 3rd period - Slapshot by Zach Werenski.
6:49 of 3rd period - Shot Blocked by David Backes.
6:54 of 3rd period - Off-side.
6:55 of 3rd period - Sidney Crosby wins face-off versus Kevin Hayes in neutral zone.
8:51 of 3rd period - Slapshot by Patric Hornqvist.
8:51 of 3rd period - Deflect By Dylan Larkin.
8:51 of 3rd period - Shot Hit the Post.
8:51 of 3rd period - Puck is out of play.
8:52 of 3rd period - Paul Stastny wins face-off versus Dylan Larkin in Sabres zone.
8:59 of 3rd period - Slapshot by Paul Stastny.
8:59 of 3rd period - Shot Blocked by Michael Grabner.
9:02 of 3rd period - Icing by Zach Werenski.
9:03 of 3rd period - Kevin Hayes wins face-off versus Dylan Larkin in Sharks zone.
10:23 of 3rd period - Slapshot by Kevin Shattenkirk.
10:23 of 3rd period - Stopped by Joonas Korpisalo with a rebound.
10:25 of 3rd period - Slapshot by Kevin Shattenkirk.
10:25 of 3rd period - Stopped by Joonas Korpisalo without a rebound.
10:26 of 3rd period - Ryan Carpenter wins face-off versus Colton Sceviour in Sharks zone.
10:29 of 3rd period - Slapshot by Joonas Donskoi.
10:29 of 3rd period - Stopped by Joonas Korpisalo without a rebound.
10:30 of 3rd period - Sidney Crosby wins face-off versus Paul Stastny in Sharks zone.
10:39 of 3rd period - Wrist shot by Sidney Crosby.
10:39 of 3rd period - Shot Misses the Net.
10:41 of 3rd period - Snap shot by Gabriel Landeskog.
10:41 of 3rd period - Stopped by Martin Jones with a rebound.
10:43 of 3rd period - Wrist shot by Sidney Crosby.
10:43 of 3rd period - Shot Misses the Net.
10:45 of 3rd period - Snap shot by Gabriel Landeskog.
10:45 of 3rd period - Shot Blocked by Madison Bowey.
10:47 of 3rd period - Snap shot by Gabriel Landeskog.
10:47 of 3rd period - Shot Misses the Net.
11:28 of 3rd period - Slapshot by Roman Josi.
11:28 of 3rd period - Shot Blocked by Jonathan Huberdeau.
11:30 of 3rd period - Slapshot by Ivan Provorov.
11:30 of 3rd period - Shot Blocked by Boone Jenner.
11:42 of 3rd period - Snap shot by Roman Josi.
11:42 of 3rd period - Shot Misses the Net.
11:44 of 3rd period - Slapshot by Roman Josi.
11:44 of 3rd period - Shot Blocked by Tyson Barrie.
11:46 of 3rd period - Wrist shot by Martin Frk.
11:46 of 3rd period - Shot Misses the Net.
11:48 of 3rd period - Wrist shot by Ryan Carpenter.
11:48 of 3rd period - Shot Misses the Net.
11:50 of 3rd period - Slapshot by Joonas Donskoi.
11:50 of 3rd period - Shot Misses the Net.
12:20 of 3rd period - Kevin Hayes is hit by Patric Hornqvist and loses puck.
12:49 of 3rd period - Wrist shot by Jonathan Huberdeau.
12:49 of 3rd period - Shot Blocked by Zach Hyman.
13:22 of 3rd period - Wrist shot by Jonathan Huberdeau.
13:22 of 3rd period - Deflect By Boone Jenner.
13:22 of 3rd period - Shot Blocked by Erik Gudbranson.
13:22 of 3rd period - Puck is out of play.
13:23 of 3rd period - Paul Stastny wins face-off versus Sidney Crosby in Sabres zone.
13:28 of 3rd period - Backhand shot by Ivan Provorov.
13:28 of 3rd period - Shot Misses the Net.
13:30 of 3rd period - Slapshot by Roman Josi.
13:30 of 3rd period - Shot Blocked by Justin Braun.
13:32 of 3rd period - Slapshot by Roman Josi.
13:32 of 3rd period - Deflect By Paul Stastny.
13:32 of 3rd period - Stopped by Joonas Korpisalo without a rebound.
13:33 of 3rd period - Sidney Crosby wins face-off versus Paul Stastny in Sharks zone.
13:33 of 3rd period - Sidney Crosby is hit by David Backes.
13:41 of 3rd period - Gabriel Landeskog is hit by Paul Stastny and loses puck.
13:46 of 3rd period - Slapshot by Paul Stastny.
13:46 of 3rd period - Stopped by Joonas Korpisalo without a rebound.
13:47 of 3rd period - Sidney Crosby wins face-off versus Kevin Hayes in Sharks zone.
14:31 of 3rd period - Minor Penalty to David Backes for Hooking.
14:32 of 3rd period - Andrew Copp wins face-off versus Sidney Crosby in Sabres zone.
15:20 of 3rd period - Icing by Michael Grabner.
15:21 of 3rd period - Sidney Crosby wins face-off versus Kevin Hayes in Sharks zone.
15:39 of 3rd period - Icing by Dan Girardi.
15:40 of 3rd period - Sidney Crosby wins face-off versus Andrew Copp in Sharks zone.
15:45 of 3rd period - Andrew Copp is hit by Dan Girardi and loses puck.
16:31 of 3rd period - Penalty to David Backes is over, David Backes is back on ice.
17:23 of 3rd period - Wrist shot by Martin Frk.
17:23 of 3rd period - Shot Misses the Net.
17:25 of 3rd period - Wrist shot by Martin Frk.
17:25 of 3rd period - Stopped by Joonas Korpisalo without a rebound.
17:26 of 3rd period - Ryan Carpenter wins face-off versus Dylan Larkin in Sharks zone.
17:35 of 3rd period - Slapshot by Kevin Shattenkirk.
17:35 of 3rd period - Deflect By Martin Frk.
17:35 of 3rd period - Shot Misses the Net.
17:35 of 3rd period - Puck is out of play.
17:36 of 3rd period - Andrew Copp wins face-off versus Boone Jenner in Sharks zone.
17:39 of 3rd period - Wrist shot by Zach Hyman.
17:39 of 3rd period - Shot Misses the Net.
17:41 of 3rd period - Wrist shot by Andrew Copp.
17:41 of 3rd period - Shot Misses the Net.
17:43 of 3rd period - Snap shot by Josh Anderson.
17:43 of 3rd period - Deflect By Andrew Copp.
17:43 of 3rd period - Deflect By Teuvo Teravainen.
17:43 of 3rd period - Stopped by Joonas Korpisalo without a rebound.
17:44 of 3rd period - Andrew Copp wins face-off versus Boone Jenner in Sharks zone.
17:47 of 3rd period - Snap shot by Zach Hyman.
17:47 of 3rd period - Stopped by Joonas Korpisalo with a rebound.
18:09 of 3rd period - Alex Pietrangelo is hit by Ivan Provorov and loses puck.
18:14 of 3rd period - Snap shot by Clayton Keller.
18:14 of 3rd period - Shot Misses the Net.
18:16 of 3rd period - Snap shot by Clayton Keller.
18:16 of 3rd period - Goal by Clayton Keller - Sharks : 1 - Sabres : 3.
18:17 of 3rd period - Sidney Crosby wins face-off versus Andrew Copp in neutral zone.
18:26 of 3rd period - Slapshot by Sidney Crosby.
18:26 of 3rd period - Shot Misses the Net.
18:47 of 3rd period - Snap shot by Jonathan Huberdeau.
18:47 of 3rd period - Shot Blocked by Roman Josi.
18:49 of 3rd period - Slapshot by Dan Girardi.
18:49 of 3rd period - Deflect By David Backes.
18:49 of 3rd period - Stopped by Martin Jones with a rebound.
18:51 of 3rd period - Snap shot by Justin Braun.
18:51 of 3rd period - Deflect By Teuvo Teravainen.
18:51 of 3rd period - Goal by Teuvo Teravainen - Sharks : 2 - Sabres : 3.
18:52 of 3rd period - Sidney Crosby wins face-off versus Paul Stastny in neutral zone.
19:37 of 3rd period - Sharks, Joonas Korpisalo is pulled from the net.
Goals for this period are 1 for Sharks vs 1 for Sabres.
Shots for this period are 4 for Sharks vs 15 for Sabres.